 Dungeon Crawl Stone Soup version 0.32-a0-913-g739538afd8 (webtiles) character file.

Game seed: 8167321135629319905

51 horus123 the Ducker (level 3, 0/23 HPs)
             Began as a Deep Elf Gladiator on Apr 9, 2024.
             Slain by Natasha (7 damage)
             ... on level 3 of the Dungeon.
             The game lasted 00:02:41 (1913 turns).

horus123 the Ducker (Deep Elf Gladiator)            Turns: 1913, Time: 00:02:41

Health: 0/23       AC:  8    Str: 13    XL:     3   Next: 57%
Magic:  5/5        EV:  7    Int: 12    God:
Gold:   159        SH:  7    Dex: 16    Spells: 2/2 levels left

rFire   . . .        a - +0 long sword
rCold   . . .        k - +0 kite shield
rNeg    . . .        f - +0 scale mail
rPois   .            c - +0 helmet
rElec   .            (no cloak)
rCorr   .            j - +0 pair of gloves
SInv    .            (no boots)
Will    +....        (no amulet) Stlth
                     o - ring of willpower
HPRegen 0.23/turn    (no ring)
MPRegen 0.09/turn

%: no passive effects
@: no status effects
A: no striking features
a: no special abilities


You were on level 3 of the Dungeon.
You visited 1 branch of the dungeon, and saw 3 of its levels.

You collected 159 gold pieces.

Inventory:

Hand Weapons
 a - a +0 long sword (weapon)
Missiles
 d - 3 throwing nets
 e - a javelin
 p - 3 boomerangs (quivered)
Armour
 b - a +0 leather armour
 c - a +0 helmet (worn)
 f - a +0 scale mail (worn)
 j - a +0 pair of gloves (worn)
 k - a +0 kite shield (worn)
 u - an orb of light
Jewellery
 o - a ring of willpower (left hand)
Scrolls
 g - 3 scrolls of identify {unknown}
 l - a scroll of blinking {unknown}
 n - a scroll of vulnerability {unknown}
 r - a scroll of fog {unknown}
 s - a scroll of silence {unknown}
 t - a scroll of fear {unknown}
Potions
 h - 2 potions of curing {unknown}
 i - a potion of enlightenment {unknown}
 m - 2 potions of resistance {unknown}
 q - a potion of haste {unknown}


   Skills:
 + Level 3.3 Fighting
 - Level 2.6 Long Blades
 - Level 2.0 Throwing
 - Level 3.6 Dodging


You had 2 spell levels left.
You didn't know any spells.
Your spell library contained the following spells:

 Spells                   Type           Power      Damage    Failure   Level
 Frozen Ramparts          Ice            0%         1d1       100%        3
 Ozocubu's Armour         Ice            0%         N/A       100%        3
 Metabolic Englaciation   Hex/Ice        0%         N/A       100%        5


Dungeon Overview and Level Annotations

Branches:
Dungeon (3/15)

Altars:

Annotations:
D:2 1 runed translucent door, Crazy Yiuf
D:3 Natasha


Message History

You continue putting on your +0 kite shield. x5
You finish putting on your +0 kite shield.
You see here a +0 ring mail.
You see here a +0 ring mail.
You see here a +0 trident.
Found a stone staircase leading down.
Natasha, Servant of Life and Death comes into view.
Natasha hisses angrily.
Natasha barely misses you.
You closely miss Natasha. Natasha barely misses you.
Natasha casts a spell at you. The magic dart hits you.
You hit Natasha.
Natasha is lightly wounded.
Natasha mumbles some strange words.
You feel troubled. Natasha barely misses you.
You closely miss Natasha.
Natasha is lightly wounded.
Natasha claws you. x2
You barely miss Natasha.
Natasha is lightly wounded.
Natasha claws you.
You are too injured to fight recklessly!
You are too injured to fight recklessly!
You are too injured to fight recklessly!
You are too injured to fight recklessly!
You hit Natasha but do no damage.
Natasha is lightly wounded.
You block Natasha's attack. Natasha barely misses you.
You hit Natasha.
Natasha is moderately wounded.
Natasha claws you.
* * * LOW HITPOINT WARNING * * *
You hit Natasha.
Natasha is heavily wounded.
Natasha mewls in sadness.
Natasha claws you!
You die...
Natasha curls up and begins to purr.

########## #.........
#.######## #####.# # ......#
#. ##...## #.
##...#########.#####
.+.............h..>#
##....#.######..@..#
####.#......###...# #######
#.######.# #...########.†....
### #.##.....#
#.....#..........# .[#
#.##.#######.#.#.#.####.###.#
..# #.##.......#.#.#.#.# #.#
#.#
..###.########.#...#...####.#
#.# ####.....#
#.#...###......# #.#
..##.....# #..)......###..#
#.#


You could see Natasha.

Vanquished Creatures
  2 adders
  A ball python (D:1)
  3 endoplasms
  A giant cockroach (D:2)
  A hobgoblin (D:1)
  3 jackals (D:1)
  4 kobolds
  2 quokkas (D:1)
  5 bats
  3 frilled lizards
  A goblin (D:1)
  5 rats
31 creatures vanquished.

Notes
Turn   | Place    | Note
-------+----------+-------------------------------------------
     0 | D:1      | horus123 the Deep Elf Gladiator began the quest for the
                  | Orb.
     0 | D:1      | Reached XP level 1. HP: 12/12 MP: 3/3
   166 | D:1      | Reached XP level 2. HP: 13/17 MP: 4/4
  1046 | D:2      | Reached XP level 3. HP: 23/23 MP: 5/5
  1112 | D:2      | Found a runed translucent door.
  1113 | D:2      | Noticed Crazy Yiuf
  1903 | D:3      | Noticed Natasha
  1913 | D:3      | Slain by Natasha

Illustrated notes

Levels and vault maps discovered:
D:1:      orjb1_clovarrival, layout_rooms, minmay_liquid_box,
          minmay_misc_feat_more_columns, chequers_serial_rivers_large_b
D:2:      layout_basic, hangedman_decor_push, minmay_box_of_dots,
          uniq_crazy_yiuf_cottage
D:3:      layout_basic, minmay_misc_feat_tiny, uniq_natasha

Skill      XL: |  1  2 |
---------------+-------+-----
Fighting       | 2 3 |  3.3
Long Blades    | |  2.6
Throwing       | |  2.0
Dodging        | |  3.6

Action                     || total
---------------------------++-------
  Melee: Long sword        ||   111
 Armour: Scale mail        ||    70
         Leather armour    ||    12
  Dodge: Dodged            ||    67
  Block: Kite shield       ||    22

Table legend: (Time is in decaauts)
 A = Elapsed time spent in this place.
 B = Non-inter-level travel time spent in this place.
 C = Inter-level travel time spent in this place.
 D = Time resting spent in this place.
 E = Time spent auto-exploring this place.
 F = Levels seen in this place.
 G = Mean time per level.
                   A        B        C        D        E       F      G
               +--------+--------+--------+--------+--------+-----+--------+
         Total |   1994 |   1928 |     66 |     38 |   1517 |   3 |  664.7 |
       Dungeon |   1994 |   1928 |     66 |     38 |   1517 |   3 |  664.7 |
               +--------+--------+--------+--------+--------+-----+--------+

Top non-repeatable levels by time:
     D:2: 992 daAuts
     D:1: 748 daAuts
     D:3: 254 daAuts
